 Dungeon Crawl Stone Soup version 0.29.0-4-gdea44cf6ec (webtiles) character file.

Game seed: 958759570819294959

65 qw the Chopper (level 4, -7/26 HPs)
             Began as a Tengu Warper on Aug 28, 2022.
             Mangled by a gnoll
             ... wielding a +0 spear
              (9 damage)
             ... on level 2 of the Dungeon.
             The game lasted 00:00:08 (1829 turns).

qw the Chopper (Tengu Warper)                       Turns: 1829, Time: 00:00:09

Health: -7/26      AC:  5    Str: 14    XL:     4   Next: 13%
Magic:  8/8        EV: 11    Int: 13    God:
Gold:   47         SH:  0    Dex: 13    Spells: 7/7 levels left

rFire   . . .      SeeInvis .   Y - +1 hand axe
rCold   . . .      Faith    .   (no shield)
rNeg    . . .      Spirit   .   f - +0 ring mail
rPois   .          Reflect  .   (helmet restricted)
rElec   .          Harm     .   (no cloak)
rCorr   .          Rampage  .   (no gloves)
Will    .....                   (boots unavailable)
Stlth   +.........              (no amulet)
HPRegen 0.08/turn               (no ring)
MPRegen 0.11/turn               (no ring)

@: no status effects
A: beak, talons 3
a: no special abilities


You were on level 2 of the Dungeon.
You visited 1 branch of the dungeon, and saw 2 of its levels.

You collected 47 gold pieces.


Innate Abilities, Weirdness & Mutations

You have a beak for a mouth.
You have claws for feet.


   Skills:
 - Level 2.0 Fighting
 + Level 4.7 Axes
 - Level 1.0 Throwing
 - Level 1.1 Armour
 - Level 2.1 Dodging
 - Level 2.0 Spellcasting
 - Level 2.4 Translocations


You had 7 spell levels left.
You didn't know any spells.
Your spell library contained the following spells:

 Spells                   Type           Power      Damage    Failure   Level
 Blink                    Tloc           14%        N/A       30%         2
 Gell's Gravitas          Tloc           7%         N/A       52%         3
 Lesser Beckoning         Tloc           7%         N/A       52%         3
 Teleport Other           Tloc           7%         N/A       52%         3
 Manifold Assault         Tloc           7%         N/A       99%         5

Inventory:

Hand Weapons
 e - a +2 whip of electrocution
 Y - a +1 hand axe (weapon)
Armour
 f - a +0 ring mail (worn)
Scrolls
 a - a scroll of teleportation {unknown}
Potions
 d - a potion of lignification {unknown}
 g - a potion of might {unknown}
 j - a potion of curing {unknown}

Dungeon Overview and Level Annotations

Branches:
Dungeon (2/15)

Altars:


Message History

A worm comes into view.
You hit the worm. Your kick misses the worm.
The worm is moderately wounded.
You hit the worm but do no damage. You claw the worm! You peck the worm.
The worm is severely wounded.
The worm bites you.
You hit the worm. You claw the worm.
The worm is almost dead.
The worm bites you!
You hit the worm.
You kill the worm!
You start resting.
HP restored. 2 gnolls come into view.
Found 13 gold pieces.
The gnoll shouts! x2
A gnoll comes into view. It is wielding a +0 spear.
1818 ||| Stepping ~*~*~tactically~*~*~ (hiding).
1819 ||| Stepping ~*~*~tactically~*~*~ (hiding).
You start waiting.
A gnoll is nearby!
1822 ||| Stepping ~*~*~tactically~*~*~ (hiding).
The gnoll hits you but does no damage. The gnoll closely misses you.
You slash the gnoll! You claw the gnoll, but do no damage.
The gnoll is severely wounded.
The gnoll misses you.
The gnoll hits you from afar with a +0 spear.
You hit the gnoll. Your peck misses the gnoll.
The gnoll is almost dead.
The gnoll hits you with a +0 whip! The gnoll closely misses you.
You hit the gnoll.
You kill the gnoll!
The gnoll hits you from afar with a +0 spear!
You have reached level 4!
You feel stronger.
Things that are here:
a +0 whip; a gnoll corpse You hit the gnoll.
Your kick misses the gnoll.
The gnoll is lightly wounded.
The gnoll hits you with a +0 spear!
You die...

#......###.# #. #......
#......'...# #. +....$.
#......###.# ## #......
#......###### #......
########....####
#...... #.##.#...
#....g. #.##.#.##
#......#########.##...#
#..g@.........######
###############


You could see 2 gnolls.

Vanquished Creatures
  An adder (D:2)
  A gnoll (D:2)
  A worm (D:2)
  3 dart slugs
  2 endoplasms
  3 giant cockroaches
  4 goblins
  5 hobgoblins
  3 quokkas (D:1)
  A ball python (D:1)
  5 bats
  3 frilled lizards
  2 kobolds
  2 rats (D:1)
36 creatures vanquished.

Notes
Turn   | Place    | Note
-------+----------+-------------------------------------------
     0 | D:1      | qw the Tengu Warper began the quest for the Orb.
     0 | D:1      | Reached XP level 1. HP: 12/12 MP: 4/4
     0 | D:1      | 0 ||| qw: Version: 0.1-a-89-g26bdef1
     0 | D:1      | 0 ||| qw: Game counter: 3258
     0 | D:1      | 0 ||| qw: Always use a shield: true
     0 | D:1      | 0 ||| qw: God list: Okawaru
     0 | D:1      | 0 ||| qw: Allow faded altars: false
     0 | D:1      | 0 ||| qw: Do Orc after D:15 true
     0 | D:1      | 0 ||| qw: Do second Lair branch before Depths: true
     0 | D:1      | 0 ||| qw: Lair rune preference: random
     0 | D:1      | 0 ||| qw: Plans: Normal
     0 | D:1      | 0 ||| PLANNING D:1-11
    29 | D:1      | 29 ||| Stepping ~*~*~tactically~*~*~ (stealth).
    32 | D:1      | 32 ||| Stepping ~*~*~tactically~*~*~ (stealth).
    34 | D:1      | 34 ||| Stepping ~*~*~tactically~*~*~ (stealth).
   193 | D:1      | Reached skill level 3 in Axes
   193 | D:1      | Reached XP level 2. HP: 12/17 MP: 6/6
   290 | D:1      | 290 ||| Stepping ~*~*~tactically~*~*~ (stealth).
   841 | D:1      | Reached XP level 3. HP: 21/21 MP: 7/7
  1148 | D:1      | Found a faded altar of an unknown god.
  1154 | D:1      | 1154 ||| UPGRADING to +0 ring mail.
  1164 | D:1      | 1164 ||| DROPPING +0 leather armour.
  1165 | D:1      | 1165 ||| READING scroll labelled QUNLUL TANOURE.
  1166 | D:1      | 1166 ||| READING scroll labelled NEDUDE XINIWK.
  1167 | D:1      | 1167 ||| DROPPING scroll of blinking.
  1220 | D:2      | Reached skill level 4 in Axes
  1277 | D:2      | 1277 ||| FLEEEEING.
  1351 | D:2      | 1351 ||| Stepping ~*~*~tactically~*~*~ (stealth).
  1818 | D:2      | 1818 ||| Stepping ~*~*~tactically~*~*~ (hiding).
  1819 | D:2      | 1819 ||| Stepping ~*~*~tactically~*~*~ (hiding).
  1822 | D:2      | 1822 ||| Stepping ~*~*~tactically~*~*~ (hiding).
  1827 | D:2      | HP: 1/21 [gnoll/+0 spear (8)]
  1828 | D:2      | Reached XP level 4. HP: 2/26 MP: 8/8
  1829 | D:2      | Mangled by a gnoll

Levels and vault maps discovered:
D:1:      sevenhm_arrival_forest_fort_small_3, layout_rooms,
          shapermc_ecumenical_altar_hornbeckon, nicolae_eternal_life,
          minmay_misc_feat_secret_circle
D:2:      layout_basic

Skill      XL: |  1  2  3 |
---------------+----------+-----
Axes           | 3 4 |  4.7
Fighting       | |  2.0
Throwing       | |  1.0
Armour         | |  1.1
Dodging        | |  2.1
Spellcasting   | |  2.0
Translocations | |  2.4

Action                   |  1- 3 |  4- 6 || total
-------------------------+-------+-------++-------
Melee: Hand axe          |    83 |     1 ||    84
       Kick              |    20 |       ||    20
       Peck              |     9 |       ||     9
       Punch             |     3 |       ||     3
Throw: Boomerang         |     7 |       ||     7
  Use: Scroll            |     2 |       ||     2
Armor: Leather armour    |    12 |       ||    12
       Ring mail         |     5 |       ||     5
Dodge: Dodged            |    42 |       ||    42

Table legend:
 A = Non-vault XP
 B = Vault XP
 C = Vault XP percentage of total XP
 D = Non-vault monster count
 E = Vault monster count
 F = Vault count percentage of total count
                 A         B        C        D         E       F
            +---------+---------+-------+---------+---------+-------
      Total |      93 |       0 |   0.0 |      36 |       0 |   0.0
            +---------+---------+-------+---------+---------+-------
        D:1 |      42 |       0 |   0.0 |      24 |       0 |   0.0
        D:2 |      51 |       0 |   0.0 |      12 |       0 |   0.0
            +---------+---------+-------+---------+---------+-------
